 Dungeon Crawl Stone Soup version 0.26.1-2-gb8aa6d0cf2 (webtiles) character file.

Game seed: 6363414057488746592

15 Gadfly the Shield-Bearer (level 2, 24/24 HPs)
             Began as a Formicid Fighter on Feb 22, 2021.
             Quit the game on level 1 of the Dungeon.
             The game lasted 00:00:58 (445 turns).

Gadfly the Shield-Bearer (Formicid Fighter)          Turns: 445, Time: 00:00:59

Health: 24/24      AC:  6    Str: 20    XL:     2   Next: 65%
Magic:  2/2        EV:  7    Int:  7    God:
Gold:   32         SH:  9    Dex: 10    Spells: 1/1 levels left

rFire    . . .     SeeInvis +   a - +0 flail
rCold    . . .     Faith    .   c - +0 kite shield
rNeg     . . .     Spirit   .   b - +0 scale mail
rPois    .         Reflect  .   (helmet unavailable)
rElec    .         Harm     .   (no cloak)
rCorr    .         Rampage  .   (no gloves)
Will     .....                  (no boots)
Stlth    ..........             (no amulet)
HPRegen  0.08/turn              (no ring)
MPRegen  0.08/turn              (no ring)

@: no status effects
A: permanent stasis, dig shafts and tunnels, four strong arms, antennae 3
a: Dig, Shaft Self


You were on level 1 of the Dungeon.
You visited 1 branch of the dungeon, and saw 1 of its levels.

You collected 32 gold pieces.

Inventory:

Hand Weapons
 a - a +0 flail (weapon)
Armour
 b - a +0 scale mail (worn)
 c - a +0 kite shield (worn)
Scrolls
 e - a scroll of identify {unknown}
 f - a scroll of remove curse {unknown}
 g - a scroll of noise {unknown}
Potions
 d - 2 potions of might


   Skills:
 + Level 3.4 Fighting
 * Level 2.2 Maces & Flails
 * Level 0.3 Crossbows
 + Level 3.3 Armour
 + Level 3.6 Shields
 * Level 1.0 Invocations
 * Level 0.9 Evocations


You had one spell level left.
You didn't know any spells.
Your spell library was empty.

Dungeon Overview and Level Annotations

Branches:
Dungeon (1/15)

Altars:


Innate Abilities, Weirdness & Mutations

You cannot be hasted, slowed, berserked, paralysed or teleported.
You can dig through walls and to a lower floor.
Your four strong arms can wield two-handed weapons with a shield.
You have a pair of large antennae on your head. (SInv)


Message History

You hit the hobgoblin.
The hobgoblin is moderately wounded.
The hobgoblin hits you with a +0 club.
You hit the hobgoblin.
The hobgoblin is almost dead.
The hobgoblin hits you with a +0 club.
You barely miss the hobgoblin.
The hobgoblin is almost dead.
You block the hobgoblin's attack.
The hobgoblin hits you but does no damage.
You sock the hobgoblin!
You kill the hobgoblin!
No target in view!
No target in view!
No target in view!
No target in view!
No target in view!
Things that are here:
a +0 club; a hobgoblin corpse Are you sure you want to abandon this character and quit the game? (Confirm with "yes".)

####..### ##......### ####.####
#.......#
#.......##########.....##
#.##.##.##.......#..)..#
#.##.##>##.......#.#.#.##
#.#..##.##.......#.#....#
#.#.###.##.......#.###..#
#.#.###.##..†....#.###..#
#.......##..@....#......#
###.######.......######.# ##.##
#.##.##.#### #.# #...#
#.##.......###.# #...#
#.##.........#.##
####...#####.##.##.#.......####
#.........##.##.##.............
#..................).....#.###.
#.........##.##.##.#..##.#†###.


There were no monsters in sight!

Vanquished Creatures
  A leopard gecko (D:1)
  A giant cockroach (D:1)
  2 goblins (D:1)
  4 hobgoblins (D:1)
  2 bats (D:1)
  A frilled lizard (D:1)
  2 rats (D:1)
13 creatures vanquished.

Vanquished Creatures (others)
  4 toadstools (D:1)
4 creatures vanquished.

Grand Total: 17 creatures vanquished

Notes
Turn   | Place    | Note
-------+----------+-------------------------------------------
     0 | D:1      | Gadfly the Formicid Fighter began the quest for the Orb.
     0 | D:1      | Reached XP level 1. HP: 18/18 MP: 1/1
   153 | D:1      | Reached XP level 2. HP: 21/24 MP: 2/2
   245 | D:1      | Reached skill level 1 in Invocations
   445 | D:1      | Quit the game

Illustrated notes

Levels and vault maps discovered:
D:1:      ldierk_walled_garden_2, layout_loops_cross

Skill      XL: |  1  2 |
---------------+-------+-----
Invocations    | 1 |  1.0
Fighting       | |  3.4
Maces & Flails | |  2.2
Crossbows      | |  0.3
Armour         | |  3.3
Shields        | |  3.6
Evocations     | |  0.9

Action                   || total
-------------------------++-------
Melee: Flail             ||    43
Armor: Scale mail        ||    26
Dodge: Dodged            ||     5
Block: Kite shield       ||    26
